 Dungeon Crawl Stone Soup version 0.29.0-11-gd7f09526c8 (console) character file.

Game seed: 8605441452321305479

10 odiv the Magician (level 2, -1/23 HPs)
             Began as a Djinni Warper on Sept 4, 2022.
             Slain by a hobgoblin (2 damage)
             ... on level 2 of the Dungeon.
             The game lasted 00:01:13 (480 turns).

odiv the Magician (Djinni Warper)                    Turns: 480, Time: 00:01:14

Health: -1/23      AC:  3    Str: 10    XL:     2   Next: 30%
Gold:   37         EV: 11    Int: 14    God:
                   SH:  0    Dex: 12

rFire   + + +      SeeInvis .   a - +0 falchion
rCold   x . .      Faith    .   (no shield)
rNeg    . . .      Spirit   .   b - +0 leather armour
rPois   ∞          Reflect  .   (no helmet)
rElec   .          Harm     .   (no cloak)
rCorr   .          Rampage  .   (no gloves)
Will    .....                   (boots unavailable)
Stlth   +.........              (no amulet)
HPRegen 0.07/turn               g - ring of protection from fire
MPRegen 0.00/turn               (no ring)

@: brilliant, flying
A: sickness immunity, fire resistance 2, cold vulnerability 1, float, innate
caster, HP casting, extra vitality 1
a: no special abilities


You were on level 2 of the Dungeon.
You visited 1 branch of the dungeon, and saw 2 of its levels.

You collected 37 gold pieces.

Inventory:

Hand Weapons
 a - a +0 falchion (weapon)
Missiles
 d - 7 boomerangs of dispersal
 f - 5 stones (quivered)
Armour
 b - a +0 leather armour (worn)
Jewellery
 g - a ring of protection from fire (left hand)
Scrolls
 c - a scroll of blinking


   Skills:
 - Level 2.0 Fighting
 - Level 1.8 Long Blades
 - Level 0.9 Throwing
 - Level 1.1 Armour
 - Level 2.3 Dodging
 + Level 2.6 Spellcasting


You couldn't memorise any spells.
You knew the following spells:

 Your Spells              Type           Power      Damage    Failure   Level
a - Lesser Beckoning      Tloc           14%        N/A       30%         3
b - Blink                 Tloc           28%        N/A       16%         2
c - Gell's Gravitas       Tloc           14%        N/A       30%         3
d - Teleport Other        Tloc           14%        N/A       30%         3
e - Manifold Assault      Tloc           14%        N/A       95%         5
Your spell library was empty.

Dungeon Overview and Level Annotations

Branches:
Dungeon (2/15)

Altars:


Innate Abilities, Weirdness & Mutations

You are immune to sickness and miasma.
You are immune to poison.
Your flesh is very heat resistant. (rF++)
You are vulnerable to cold. (rC-)
You float through the air rather than walking.
You learn spells naturally, not from books.
Your magical power is your life essence.
You have superior vitality. (+4 MHP)


Message History

You miss the jackal.
The jackal is severely wounded.
The jackal barely misses you. The jackal bites you.
You barely miss the jackal.
The jackal is heavily wounded.
The jackal bites you.
* * * LOW HITPOINT WARNING * * *
Throw: 6 stones
Press: ? - help, Q - select action, (/) - cycle Shift-Dir - straight line, f - jackal
Aim: a jackal (heavily wounded, 50% to hit)
You throw a stone.
The stone hits the jackal but does no damage.
The jackal is heavily wounded.
The jackal bites you but does no damage.
The jackal misses you.
Okay, then.
It was a potion of brilliance.
You feel clever all of a sudden. The jackal bites you.
* * * LOW HITPOINT WARNING * * *
Cast which spell? (? or * to list)
You feel a surge of power!
You blink.
A hobgoblin comes into view.
* * * LOW HITPOINT WARNING * * *
You feel stable enough to blink again. The hobgoblin hits you.
* * * LOW HITPOINT WARNING * * *
The hobgoblin attacks as you move away!
The hobgoblin hits you but does no damage.
A kobold comes into view. It is wielding a +0 short sword.
The kobold shouts!
There is a stone staircase leading down here.
The hobgoblin misses you.
The jackal bites you but does no damage.
You fly downwards.
Found 6 boomerangs.
Found a stone staircase leading down.
There is a stone staircase leading up here.
Unknown command.
You barely miss the hobgoblin. The bat misses you. The hobgoblin hits you.
You die...

.. .. .#..
...# ...
#####
##>.......
b.#...#
###.....#
#..@#
#..(g##
#####


You could see a hobgoblin and a bat.

Vanquished Creatures
  2 endoplasms (D:1)
  2 hobgoblins (D:1)
  2 jackals (D:1)
  A kobold (D:1)
  A frilled lizard (D:1)
8 creatures vanquished.

Notes
Turn   | Place    | Note
-------+----------+-------------------------------------------
     0 | D:1      | odiv the Djinni Warper began the quest for the Orb.
     0 | D:1      | odiv set off with the following spells memorised: Blink,
                  | Lesser Beckoning, Gell's Gravitas, Teleport Other, Manifold
                  | Assault.
     0 | D:1      | Reached XP level 1. HP: 18/18 MP: 0/0
   347 | D:1      | Reached XP level 2. HP: 23/23 MP: 0/0
   476 | D:1      | HP: 1/23 [hobgoblin (3)]
   480 | D:2      | Slain by a hobgoblin

Illustrated notes

Levels and vault maps discovered:
D:1:      minmay_arrival_radiant_lines, layout_basic,
          chequers_ecumenical_altar_lobes
D:2:      layout_basic, basic_altar, pf_guarded_unrand_delatra, uniq_terence

Action                   || total
-------------------------++-------
Melee: Falchion          ||    35
Throw: Stone             ||     4
 Cast: Blink             ||     1
  Use: Potion            ||     1
Armor: Leather armour    ||    10
Dodge: Dodged            ||    17
